 Dungeon Crawl Stone Soup version 0.21.0 (webtiles) character file.

1438 Leibowitz the Slicer (level 9, -7/52 HPs)
             Began as a Kobold Gladiator on Jan 7, 2018.
             Was a Believer of Okawaru.
             Killed from afar by a steam dragon (20 damage)
             ... with a ball of steam
             ... on level 6 of the Dungeon.
             The game lasted 00:14:43 (6614 turns).

Leibowitz the Slicer (Kobold Gladiator)             Turns: 6614, Time: 00:14:44

Health: -7/52      AC:  5    Str: 11    XL:     9   Next: 3%
Magic:  9/9        EV: 17    Int: 10    God:    Okawaru [**....]
Gold:   361        SH:  9    Dex: 19    Spells: 8/8 levels left

rFire    . . .     SeeInvis .   a - +1 rapier
rCold    . . .     Gourm    .   r - +0 shield
rNeg     . . .     Faith    .   v - +1 robe {MR+}
rPois    .         Spirit   .   c - +1 helmet
rElec    .         Reflect  .   (no cloak)
rCorr    +         Harm     .   (no gloves)
MR       +....                  (no boots)
Stlth    +++.......             (no amulet)
HPRegen  0.17/turn              t - ring of resist corrosion
MPRegen  0.11/turn              o - ring of flight

@: no status effects
A: small, carnivore
a: Heroism, Renounce Religion, Evoke Flight


You were on level 6 of the Dungeon.
You worshipped Okawaru.
Okawaru was pleased with you.
You were completely stuffed.

You visited 1 branch of the dungeon, and saw 6 of its levels.

You collected 361 gold pieces.

Inventory:

Hand Weapons
 a - a +1 rapier (weapon)
Missiles
 d - 3 throwing nets (quivered)
Armour
 c - a +1 helmet (worn)
 r - a +0 shield (worn)
 v - a +1 robe of magic resistance (worn)
Jewellery
 i - an uncursed ring of magical power
 o - a ring of flight (right hand)
 t - a ring of resist corrosion (left hand)
Scrolls
 b - 3 scrolls of magic mapping {unknown}
 h - a scroll of identify
 j - 2 scrolls of enchant weapon
 l - 3 scrolls of enchant armour
 p - a scroll of teleportation
 s - 2 scrolls of amnesia {unknown}
 u - 4 scrolls of remove curse
 x - 4 scrolls of noise {unknown}
Potions
 e - 4 potions of flight
 g - a potion of curing
 k - 2 potions of ambrosia {unknown}
 m - 2 potions of degeneration {unknown}
 n - a potion of haste {unknown}
 q - a potion of berserk rage {unknown}
 w - a potion of agility {unknown}
Comestibles
 f - 10 rations
 z - 2 chunks of flesh


   Skills:
 * Level 4.6 Fighting
 * Level 9.5 Short Blades
 - Level 2.1 Throwing
 + Level 1.6 Armour
 * Level 6.1 Dodging
 * Level 5.5 Stealth
 * Level 2.6 Shields


You had 8 spell levels left.
You didn't know any spells.

Dungeon Overview and Level Annotations

Branches:
Dungeon (6/15)
 Temple: D:4-7

Altars:
Cheibriados
Elyvilon
Gozag
Hepliaklqana
Kikubaaqudgha
Nemelex Xobeh
Okawaru
Qazlal
Xom
Zin

Annotations:
D:3 MovingMist's ghost, amateur HOFi


Innate Abilities, Weirdness & Mutations

You are small and have problems with some larger weapons.
You are carnivorous and can eat meat at any time.


Message History

The fungus is engulfed in a cloud of scalding steam.
You hit the steam dragon.
The steam dragon is moderately wounded.
You are engulfed in a cloud of scalding steam.
* * * LOW HITPOINT WARNING * * *
The steam dragon struggles against the net.
The fungus is engulfed in a cloud of scalding steam.
The steam dragon struggles against the net.
You hit the steam dragon.
The steam dragon is heavily wounded.
The steam dragon struggles against the net.
You hit the steam dragon.
The steam dragon is heavily wounded.
The steam dragon struggles against the net.
The net rips apart, and the steam dragon comes free!
You hit the steam dragon but do no damage.
The steam dragon is heavily wounded.
The steam dragon breathes steam at you. The ball of steam hits you!
You die...

#################### #.#####.#
..........##.......######.#####.#
.............#####.......>#.....#
....(.....####..≈###.####.#.#####
#############P..PP##.# #.#.#
≈^P#########PP...≈^#.# #.#.#
...P.≈≈P.PP.≈^....^#.# ###.#
.PP............D..P#.# #.#
######....^.P^..@≈##.# #.#
#######≈.≈..≈#..######.####
#.....###PP###.###........#
######..##...####...# #........#
........##.#.[....### #........#
######.###.######## #........#
.........#†# #####.####
######..##.# ###########'###
........##.# #............)#


You could see a steam dragon.

Vanquished Creatures
  2 sky beasts
  3 ogres
  2 centaurs
  Blork the orc (D:6)
  A big kobold (D:4)
  2 bullfrogs
  An orc priest (D:5)
  A bullfrog skeleton (D:5)
  A hound (D:4)
  3 orc wizards (D:5)
  6 worker ants
  A worker ant zombie (D:5)
  9 adders
  6 gnolls (D:4)
  3 oozes
  4 worms
  3 dart slugs
  2 leopard geckos
  11 orcs
  10 bats
  6 giant cockroaches
  3 goblins (D:1)
  4 hobgoblins
  6 jackals
  4 quokkas
  2 ball pythons
  7 frilled lizards
  8 kobolds
  8 rats
120 creatures vanquished.

Vanquished Creatures (others)
  A fungus (D:6)
1 creature vanquished.

Grand Total: 121 creatures vanquished

Notes
Turn   | Place    | Note
-------+----------+-------------------------------------------
     0 | D:1      | Leibowitz the Kobold Gladiator began the quest for the Orb.
     0 | D:1      | Reached XP level 1. HP: 12/12 MP: 1/1
   123 | D:1      | Reached XP level 2. HP: 17/17 MP: 2/2
   404 | D:1      | Reached XP level 3. HP: 22/22 MP: 3/3
   483 | D:1      | Reached skill level 1 in Stealth
   951 | D:2      | Found an ancient bone altar of Kikubaaqudgha.
  1119 | D:2      | Reached XP level 4. HP: 8/27 MP: 4/4
  1474 | D:2      | Found a white marble altar of Elyvilon.
  1500 | D:2      | Found a stormy altar of Qazlal.
  1565 | D:2      | Reached skill level 5 in Short Blades
  2106 | D:3      | Found a sparkling altar of Nemelex Xobeh.
  2261 | D:3      | Reached XP level 5. HP: 29/31 MP: 5/5
  2288 | D:3      | Found a shimmering altar of Xom.
  2291 | D:3      | Found a hazy altar of Hepliaklqana.
  2291 | D:3      | Noticed a boggart
  2292 | D:3      | Noticed a boggart
  2292 | D:3      | Noticed a spectral ugly thing
  2707 | D:3      | Noticed MovingMist's ghost (amateur HOFi)
  2739 | D:3      | Found an opulent altar of Gozag.
  2746 | D:3      | Found a glowing silver altar of Zin.
  3409 | D:4      | Noticed an ogre
  3418 | D:4      | Killed an ogre
  3418 | D:4      | Reached skill level 6 in Short Blades
  3418 | D:4      | Reached skill level 1 in Armour
  3418 | D:4      | Reached XP level 6. HP: 33/37 MP: 6/6
  3491 | D:4      | Reached skill level 1 in Shields
  3795 | D:4      | Found an iron altar of Okawaru.
  3800 | D:4      | Became a worshipper of Warmaster Okawaru
  3815 | D:4      | Reached skill level 5 in Dodging
  3815 | D:4      | Reached XP level 7. HP: 37/41 MP: 7/7
  3869 | D:4      | Reached skill level 7 in Short Blades
  4178 | D:5      | Entered Level 5 of the Dungeon
  4968 | D:5      | Reached * piety under Okawaru
  4968 | D:5      | Reached XP level 8. HP: 48/48 MP: 8/8
  4978 | D:5      | Reached skill level 8 in Short Blades
  5873 | D:6      | Noticed Blork the orc
  5880 | D:6      | Killed Blork the orc
  5880 | D:6      | Reached skill level 9 in Short Blades
  5880 | D:6      | Reached skill level 5 in Stealth
  6067 | D:6      | Reached ** piety under Okawaru
  6336 | D:6      | Found a snail-covered altar of Cheibriados.
  6490 | D:6      | Reached XP level 9. HP: 52/52 MP: 9/9
  6614 | D:6      | Killed from afar by a steam dragon

Skill      XL: |  1  2  3  4  5  6  7  8 |
---------------+-------------------------+-----
Dodging        | 4 5 6 |  6.1
Stealth        | 1 2 3 4 5 |  5.5
Short Blades   | 5 6 7 9 |  9.5
Fighting       | 3 4 |  4.6
Armour         | 1 |  1.6
Shields        | 1 2 |  2.6
Throwing       | |  2.1

Action                   |  1- 3 |  4- 6 |  7- 9 || total
-------------------------+-------+-------+-------++-------
Melee: Rapier            |   103 |   169 |   221 ||   493
Throw: Throwing net      |       |       |     1 ||     1
  Use: Scroll            |     4 |     2 |       ||     6
       Potion            |       |     2 |       ||     2
 Stab: Sleeping          |     6 |     5 |    12 ||    23
       Distracted        |     1 |       |       ||     1
  Eat: Chunk             |     8 |    10 |     9 ||    27
Armor: Leather armour    |    22 |    16 |     5 ||    43
       Robe              |       |       |    19 ||    19
Dodge: Dodged            |    79 |   107 |    94 ||   280
Block: Shield            |       |    31 |    64 ||    95
